[Event "Polofinale MCR juniorek 2023"]
[Site "Czech Republic"]
[Date "2023.11.15"]
[Round "6.1"]
[White "Brezikova, Beata"]
[Black "Buchtova, Viktorie"]
[Result "1/2-1/2"]
[TimeControl "90 min per 40 moves + 15 min + 30 sec / move from move 1"]
[WhiteFideId "23727250"]
[BlackFideId "23714786"]
[WhiteElo "1622"]
[BlackElo "1801"]

1. e4 c5 2. Nc3 Nc6 3. Nge2 g6 4.
g3 Bg7 5. Bg2 d6 6. O-O e6 7. d3 Nge7 8. Be3 O-O 9. f4 Nd4 10. Bf2 Rb8 11. g4 f5 12. exf5 gxf5 13. g5 b5 14.
Nxd4 cxd4 15. Ne2 e5 16. Kh1 Bb7 17. Rg1 Nd5 18. Qc1 Kh8 19. h4 Qe8 20. Qd2 Qh5 21. Bg3 Qg4 22. Kh2 Ne3 23.
Bxb7 Rxb7 24. c3 exf4 25. Nxf4 Be5 26. Qf2 b4 27. Rae1 bxc3 28. b3 Rb5 29. Kh1 Bxf4 30. Qxf4 Qxf4 31.
Bxf4 Rd5 32. Bxe3 1/2-1/2

[Event "Polofinale MCR juniorek 2023"]
[Site "Czech Republic"]
[Date "2023.11.15"]
[Round "6.2"]
[White "Jakubse, Tamae Severina"]
[Black "Sulcova, Tereza Radmila"]
[Result "0-1"]
[TimeControl "90 min per 40 moves + 15 min + 30 sec / move from move 1"]
[WhiteFideId "23745975"]
[BlackFideId "395196"]
[WhiteElo "1679"]
[BlackElo "1671"]

1. e4 g6 2. d4 Nf6 3. e5 Nh5 4. Nf3 d5 5.
c4 c6 6.
Nc3 Be6 7. Ng5 Ng7 8. Be3 Qd7 9. Nxe6 Nxe6 10. cxd5 cxd5 11. Qb3 Nc6 12. Nxd5 Ncxd4 13. Bxd4 Nxd4 14. Qc4 Nc6 15. O-O-O Bh6+ 16.
f4 Qc8 17. Qc5 O-O 18. Bb5 Kh8 19. g3 e6 20. Nc3 Nb8 21. Qxc8 Rxc8 22. Kb1 a6 23. Be2 b5 24. Rd3 Bf8 25.
Rhd1 Kg7 26. Rd8 Nc6 27. R8d7 Rd8 28. Bf3 Rxd7 29. Rxd7 Rc8 30. Ne4 a5 31. Ng5 Nd8 32. Bg4 Kg8 33.
h4 h5 34. Bf3 Bc5 35. g4 hxg4 36. Bxg4 Be3 37. a3 Bxf4 38. Nf3 Nc6 39. h5 g5 40. h6 Nxe5 41. Nxe5 Bxe5 42. h7+ Kxh7 43.
Rxf7+ Kg6 44. Bxe6 Re8 45. Ba2 Rb8 46. Ra7 a4 47. Bf7+ Kf5 48. b4 axb3 49. Bxb3 g4 50. Bc2+ Kg5 51.
Ra6 g3 52. Rg6+ Kf4 53. Bd1 Ke3 54. Re6 Ke4 55. Bc2+ Kf4 56. Rg6 Rb7 57. Rg8 Rg7 58. Rf8+ Ke3 59. Re8 Rg5 0-1

[Event "Polofinale MCR juniorek 2023"]
[Site "Czech Republic"]
[Date "2023.11.15"]
[Round "6.3"]
[White "Markina, Sofiia"]
[Black "Stastna, Martina"]
[Result "1-0"]
[TimeControl "90 min per 40 moves + 15 min + 30 sec / move from move 1"]
[WhiteFideId "23744014"]
[BlackFideId "385123"]
[WhiteElo "1563"]
[BlackElo "1940"]

1. e4 e5 2. Nf3 Nc6 3. Bc4 Bc5 4. c3 Nf6 5. d3 d6 6. O-O Be6 7. Nbd2 Ne7 8. Bxe6 fxe6 9. Qb3 Qc8 10.
Ng5 d5 11. Qb5+ Nd7 12. Nxe6 c6 13. Qb3 g6 14. exd5 cxd5 15.
Nf3 Bd6 16. Bh6 Nb6 17. Ng7+ Kd7 18. Rfe1 Nc6 19. c4 Qg8 20. c5 Bxc5 21. Nxe5+ Nxe5 22. Rxe5 a6 23. Rae1 Qf7 24. d4 Raf8 25.
Nf5 Bd6 26. Re7+ 1-0

[Event "Polofinale MCR juniorek 2023"]
[Site "Czech Republic"]
[Date "2023.11.15"]
[Round "6.4"]
[White "Dudova, Pavlina"]
[Black "Stavova, Helena"]
[Result "1/2-1/2"]
[TimeControl "90 min per 40 moves + 15 min + 30 sec / move from move 1"]
[WhiteFideId "394629"]
[BlackFideId "23714751"]
[WhiteElo "1763"]
[BlackElo "1425"]

1. e4 e5 2. Nf3 Nc6 3. Bb5 Nf6 4. O-O Nxe4 5. Re1 Nd6 6. Nxe5 Be7 7. Bf1 Nxe5 8. Rxe5 O-O 9. d4 Bf6 10.
Re1 Nf5 11. c3 d5 12. Bf4 Be6 13. Bd3 g6 14. Nd2 Bg7 15. Nf3 Nd6 16. Qd2 Re8 17. Re2 Bg4 18. Rxe8+ Nxe8 19. Ne5 Be6 20.
Re1 Nd6 21. Bh6 Bf5 22. Bxg7 Kxg7 23. Qe2 Qe7 24. Bxf5 1/2-1/2

[Event "Polofinale MCR juniorek 2023"]
[Site "Czech Republic"]
[Date "2023.11.15"]
[Round "6.5"]
[White "Petirova, Iva"]
[Black "Hosova, Sandra"]
[Result "0-1"]
[TimeControl "90 min per 40 moves + 15 min + 30 sec / move from move 1"]
[WhiteFideId "23741961"]
[BlackFideId "397717"]
[WhiteElo "1636"]
[BlackElo "1730"]

1. e4 c5 2. Nf3 Nc6 3. Bb5 d6 4. Bxc6+ bxc6 5. O-O Bg4 6. h3 Bh5 7. d3 Nf6 8. Re1 e5 9. Na3 Nd7 10.
Nc4 Qf6 11. g4 Bg6 12. Ne3 h6 13. Kh2 Be7 14. Rg1 Qe6 15. Qe2 h5 16. Nf5 Rh7 17. Ng5 Bxg5 18. Bxg5 f6 19. Be3 hxg4 20.
Qxg4 Bxf5 21. exf5 Qf7 22. Qg6 Nf8 23. Qg2 Qc7 24. f4 exf4 25. Bxf4 O-O-O 26. Qg3 Qd7 27. Rae1 Qxf5 28. Re7 Ng6 29.
Re4 Rdh8 30. Kg2 Rxh3 0-1

[Event "Polofinale MCR juniorek 2023"]
[Site "Czech Republic"]
[Date "2023.11.15"]
[Round "6.6"]
[White "Nagyova, Daniela"]
[Black "Nova, Anezka"]
[Result "1-0"]
[TimeControl "90 min per 40 moves + 15 min + 30 sec / move from move 1"]
[WhiteFideId "390070"]
[BlackFideId "23727144"]
[WhiteElo "1872"]
[BlackElo "1578"]

1. e4 e6 2. d4 d5 3. Nc3 Bb4 4. e5 c5 5. Bd2 Ne7 6. Nb5 Bxd2+ 7. Qxd2 O-O 8. f4 a6 9. Nd6 cxd4 10.
Nf3 Nbc6 11. O-O-O f6 12. Nxc8 Rxc8 13. exf6 Rxf6 14. Bd3 Qd6 15. g3 b5 16. Rhe1 Ng6 17. Re2 Re8 18. Rde1 h6 19.
h4 Nf8 20. Ne5 Qc7 21. Nxc6 Qxc6 22. g4 Qc7 23. f5 e5 24. g5 hxg5 25. hxg5 Rc6 26. g6 e4 27. Rh2 exd3 28. Rxe8 Rxc2+ 29. Qxc2 dxc2 30. Rh8+ 1-0

[Event "Polofinale MCR juniorek 2023"]
[Site "Czech Republic"]
[Date "2023.11.15"]
[Round "6.7"]
[White "Havelkova, Beata"]
[Black "Sikorova, Jana"]
[Result "1-0"]
[TimeControl "90 min per 40 moves + 15 min + 30 sec / move from move 1"]
[WhiteFideId "23709405"]
[BlackFideId "392472"]
[WhiteElo "1736"]
[BlackElo "1662"]

1. e4 c5 2. c3 d5 3. exd5 Qxd5 4.
d4 e6 5.
Nf3 Nf6 6. Bd3 Nc6 7. O-O Be7 8. Be3 cxd4 9. cxd4 O-O 10. Nc3 Qd8 11. a3 b6 12. Qe2 Bb7 13. Rad1 Rc8 14. Rfe1 Re8 15.
Bb1 Na5 16. Bg5 Nd5 17. Ne4 h6 18. Bc1 Nb3 19. Be3 Nxe3 20. fxe3 g6 21. Ne5 Kg7 22. Rf1 f6 23. Nxf6 Bxf6 24.
Qd3 1-0

[Event "Polofinale MCR juniorek 2023"]
[Site "Czech Republic"]
[Date "2023.11.15"]
[Round "6.8"]
[White "Vavrinkova, Marie"]
[Black "Nespora, Tatana"]
[Result "1-0"]
[TimeControl "90 min per 40 moves + 15 min + 30 sec / move from move 1"]
[WhiteFideId "392154"]
[BlackFideId "392286"]
[WhiteElo "1492"]
[BlackElo "1690"]

1. d4 Nf6 2. c4 g6 3. Nc3 Bg7 4. e4 d6 5. h3 Nc6 6. Be3 e5 7. d5 Nd4 8. Nge2 Nxe2 9. Bxe2 O-O 10.
g4 Bd7 11. Rc1 a6 12. h4 b5 13. g5 Ne8 14. b3 c6 15. dxc6 Bxc6 16. Nd5 Bxd5 17. cxd5 Rc8 18. Bg4 Rxc1 19.
Qxc1 Qa5+ 20. Qd2 Qc7 21. Ke2 f5 22. gxf6 Nxf6 23. Rc1 Qe7 24. Be6+ Kh8 25. f3 Nh5 26. Bg5 Nf4+ 27. Qxf4 Qa7 28.
Qe3 Qb7 29. Qc3 b4 30. Qc6 Qa7 31. Qxd6 Qd4 32. Rc2 Rxf3 33. Rc8+ 1-0

[Event "Polofinale MCR juniorek 2023"]
[Site "Czech Republic"]
[Date "2023.11.15"]
[Round "6.9"]
[White "Taborska, Aneta"]
[Black "Bartova, Hana"]
[Result "0-1"]
[TimeControl "90 min per 40 moves + 15 min + 30 sec / move from move 1"]
[WhiteFideId "23733039"]
[BlackFideId "23732695"]
[WhiteElo "1165"]
[BlackElo "1270"]

1. e4 e5 2. Nf3 Nf6 3. Bc4 Nc6 4. d3 Bc5 5. O-O O-O 6. Nc3 d6 7. Bg5 h6 8. Bh4 Be6 9. Nd5 Bxd5 10.
Bxd5 Kh7 11. a3 Qe7 12. Qe2 Rg8 13. Bg3 Nxd5 14. exd5 Nd4 15. Qe4+ f5 16. Qh4 g5 17. Qh5 f4 18.
b4 Bb6 19. Bxf4 Ne2+ 20. Kh1 Nxf4 21. Qg4 Raf8 22. Rfe1 Bxf2 23. Re4 h5 0-1

[Event "Polofinale MCR juniorek 2023"]
[Site "Czech Republic"]
[Date "2023.11.15"]
[Round "6.11"]
[White "Stavova, Marketa"]
[Black "Reznickova, Sibyla"]
[Result "1/2-1/2"]
[TimeControl "90 min per 40 moves + 15 min + 30 sec / move from move 1"]
[WhiteFideId "23714824"]
[BlackFideId "398721"]
[WhiteElo "1433"]
[BlackElo "1413"]

1. e4 d5 2. exd5 Qxd5 3. Nc3 Qa5 4.
d4 c6 5.
Nf3 Bg4 6. Be2 e6 7. O-O Bb4 8. Bd2 Nf6 9. a3 Be7 10. Ne5 Bxe2 11. Nxe2 Qc7 12. h3 Nbd7 13.
Nxd7 Qxd7 14. Be3 Rg8 15. Nf4 g5 16. Nh5 O-O-O 17. Nxf6 Bxf6 18. c3 Rg7 19. Kh2 Rdg8 20. g3 g4 21.
h4 Qd5 22. Bf4 Qh5 23. Rh1 e5 24. dxe5 Bxe5 25. Bxe5 Qxe5 26. Qc2 1/2-1/2

[Event "Polofinale MCR juniorek 2023"]
[Site "Czech Republic"]
[Date "2023.11.16"]
[Round "7.1"]
[White "Buchtova, Viktorie"]
[Black "Markina, Sofiia"]
[Result "1-0"]
[TimeControl "90 min per 40 moves + 15 min + 30 sec / move from move 1"]
[WhiteFideId "23714786"]
[BlackFideId "23744014"]
[WhiteElo "1801"]
[BlackElo "1563"]

1. e4 c6 2. d4 d5 3. Nc3 dxe4 4. Nxe4 Nf6 5. Nxf6+ exf6 6. c3 Bd6 7. Bd3 O-O 8. Qc2 Re8+ 9. Ne2 h5 10. Be3 Nd7 11. Ng3 Nb6 12.
c4 Bb4+ 13. Kf1 h4 14. Nf5 h3 15. gxh3 g6 16. Rg1 Kh7 17. Rg4 gxf5 18. Bxf5+ Kh8 19. Bh6 Bf8 20. Bxf8 Rxf8 21. Bxc8 Qxc8 22.
Rh4+ 1-0

[Event "Polofinale MCR juniorek 2023"]
[Site "Czech Republic"]
[Date "2023.11.16"]
[Round "7.2"]
[White "Sulcova, Tereza Radmila"]
[Black "Brezikova, Beata"]
[Result "1/2-1/2"]
[TimeControl "90 min per 40 moves + 15 min + 30 sec / move from move 1"]
[WhiteFideId "395196"]
[BlackFideId "23727250"]
[WhiteElo "1671"]
[BlackElo "1622"]

1. e4 c5 2. c4 g6 3. g3 Bg7 4. Bg2 Nc6 5. Ne2 e6 6. Nbc3 Nge7 7. O-O O-O 8. d3 b6 9. Be3 Bb7 10.
d4 cxd4 11. Nxd4 Na5 12. Qe2 d5 13. cxd5 exd5 14. Rfd1 Qd7 15. exd5 Rac8 16. Nc6 Bxc6 17. dxc6 Qe6 18. Bd4 Qxe2 1/2-1/2

[Event "Polofinale MCR juniorek 2023"]
[Site "Czech Republic"]
[Date "2023.11.16"]
[Round "7.3"]
[White "Hosova, Sandra"]
[Black "Jakubse, Tamae Severina"]
[Result "0-1"]
[TimeControl "90 min per 40 moves + 15 min + 30 sec / move from move 1"]
[WhiteFideId "397717"]
[BlackFideId "23745975"]
[WhiteElo "1730"]
[BlackElo "1679"]

1. d4 Nf6 2. c4 g6 3. Nc3 d5 4. cxd5 Nxd5 5. e4 Nxc3 6. bxc3 Bg7 7. Rb1 O-O 8. Nf3 c5 9. Be2 Nc6 10.
d5 Ne5 11. Bd2 f5 12. c4 fxe4 13. Nxe5 Bxe5 14. Bg4 Bd4 15. O-O Qc7 16. Bxc8 Qxc8 17. Qe2 Qf5 18. Rxb7 Rab8 19. Rb3 Rxb3 20.
axb3 Rb8 21. Qd1 Qe5 22. Re1 e6 23. Qg4 Rf8 24. Be3 exd5 25. cxd5 Qxd5 26. Bxd4 Qxd4 27. Qe2 Rb8 28. Qa2 c4 29.
Qa6 cxb3 30. Qe6+ Kh8 31. h3 b2 32. Kh2 Rd8 33. Rxe4 Qd6+ 34. Qxd6 Rxd6 35. Rb4 Rb6 0-1

[Event "Polofinale MCR juniorek 2023"]
[Site "Czech Republic"]
[Date "2023.11.16"]
[Round "7.5"]
[White "Stavova, Helena"]
[Black "Nagyova, Daniela"]
[Result "0-1"]
[TimeControl "90 min per 40 moves + 15 min + 30 sec / move from move 1"]
[WhiteFideId "23714751"]
[BlackFideId "390070"]
[WhiteElo "1425"]
[BlackElo "1872"]

1. e4 e5 2. Nf3 Nc6 3. d4 exd4 4. Nxd4 Nf6 5. Nc3 Bb4 6. Nxc6 bxc6 7. Bd3 O-O 8. O-O d5 9. exd5 cxd5 10.
Bg5 c6 11. Qf3 Bd6 12. h3 Rb8 13. Rab1 Re8 14. Ne2 Be5 15. c3 Qd6 16. Rfe1 c5 17. Bc2 Bb7 18. Qd3 Ne4 19. Be3 f5 20.
f3 Ba6 21. Qd1 Bxe2 22. Rxe2 Bh2+ 23. Kh1 Ng3+ 24. Kxh2 Nxe2+ 25. Kh1 Rxe3 0-1

[Event "Polofinale MCR juniorek 2023"]
[Site "Czech Republic"]
[Date "2023.11.16"]
[Round "7.6"]
[White "Petirova, Iva"]
[Black "Dudova, Pavlina"]
[Result "1-0"]
[TimeControl "90 min per 40 moves + 15 min + 30 sec / move from move 1"]
[WhiteFideId "23741961"]
[BlackFideId "394629"]
[WhiteElo "1636"]
[BlackElo "1763"]

1. e4 e6 2. d4 d5 3. Nc3 Bb4 4. e5 c5 5. a3 Bxc3+ 6. bxc3 Qa5 7. Bd2 Qa4 8. Qg4 g6 9. h4 Nc6 10.
Nf3 Nge7 11. h5 Bd7 12. hxg6 fxg6 13. Ng5 cxd4 14. Nxe6 h5 15. Ng7+ Kd8 16. Qf4 Qxc2 17. Rc1 Qe4+ 18.
Qxe4 dxe4 19. e6 Bc8 20. cxd4 Rh7 21. Bg5 Rxg7 22. d5 Ke8 23. dxc6 Nxc6 24. Bc4 a6 25. Rh4 Ne7 26. Rf4 1-0

[Event "Polofinale MCR juniorek 2023"]
[Site "Czech Republic"]
[Date "2023.11.16"]
[Round "7.7"]
[White "Bartova, Hana"]
[Black "Vavrinkova, Marie"]
[Result "1-0"]
[TimeControl "90 min per 40 moves + 15 min + 30 sec / move from move 1"]
[WhiteFideId "23732695"]
[BlackFideId "392154"]
[WhiteElo "1270"]
[BlackElo "1492"]

1. e4 d6 2. d4 Nf6 3. Nc3 g6 4. g3 Bg7 5. Bg2 O-O 6. Nge2 Nbd7 7. O-O e5 8. h3 c6 9. a4 a5 10.
Be3 Re8 11. g4 Qc7 12. Ng3 Nb6 13. b3 Nfd7 14. Qd2 Rd8 15. Rad1 Bf8 16. f4 Be7 17. f5 exd4 18. Bxd4 c5 19.
Nb5 Qb8 20. Ba1 d5 21. fxg6 fxg6 22. Qh6 Bf8 23. Rxf8+ 1-0

[Event "Polofinale MCR juniorek 2023"]
[Site "Czech Republic"]
[Date "2023.11.16"]
[Round "7.8"]
[White "Nova, Anezka"]
[Black "Sikorova, Jana"]
[Result "0-1"]
[TimeControl "90 min per 40 moves + 15 min + 30 sec / move from move 1"]
[WhiteFideId "23727144"]
[BlackFideId "392472"]
[WhiteElo "1578"]
[BlackElo "1662"]

1. e4 c5 2. Nf3 e6 3. c3 d5 4. exd5 Qxd5 5. d4 Nf6 6. Bd3 Nc6 7. O-O cxd4 8. cxd4 Nb4 9. Nc3 Qd8 10.
Bb5+ Bd7 11. Be2 Be7 12. Bg5 O-O 13. Ne5 Rc8 14. a3 Nbd5 15. Qb3 Bc6 16. Rfd1 b6 17. Ba6 Rc7 18. Nb5 Bxb5 19.
Bxb5 h6 20. Bh4 Qc8 21. Bg3 Ne4 22. Bc4 Nxg3 23. hxg3 Rd8 24. Rac1 Bf6 25. Ng4 Bg5 26. f4 Be7 27. Rc2 Qd7 28.
Ne5 Qd6 29. Bxd5 exd5 30. Rdc1 Rxc2 31. Rxc2 Bf6 32. Rc6 Qe7 33. Qc3 Bxe5 34. fxe5 Rd7 35. Rc8+ Kh7 36. Qd3+ g6 37. Qf3 Kg7 38.
Rc6 Kf8 39. Qf4 Kg7 40. Qf6+ Qxf6 41. Rxf6 Rc7 42. Rf2 Rc1+ 43. Kh2 Rd1 44. Rf4 g5 45. Rf6 Rxd4 46. Rd6 Rd2 47. b4 Rd3 48.
a4 Rd4 49. b5 Rxa4 50. Rxd5 Kg6 51. Rd7 Ra5 52. g4 Rxb5 53. Rxa7 Rxe5 54. Rb7 Rb5 55. Rb8 h5 56. gxh5+ Kxh5 57.
Rf8 f5 58. Kh3 Rb3+ 59. g3 f4 60. Rh8+ Kg6 61. Rg8+ Kf5 62. Rf8+ Ke4 63. Re8+ Kd4 0-1

[Event "Polofinale MCR juniorek 2023"]
[Site "Czech Republic"]
[Date "2023.11.16"]
[Round "7.9"]
[White "Macova, Marketa"]
[Black "Nespora, Tatana"]
[Result "0-1"]
[TimeControl "90 min per 40 moves + 15 min + 30 sec / move from move 1"]
[WhiteFideId "23715588"]
[BlackFideId "392286"]
[WhiteElo "1416"]
[BlackElo "1690"]

1. e4 c5 2. Nf3 Nc6 3. d4 cxd4 4. Nxd4 Nf6 5. Nc3 e5 6. Ndb5 d6 7. Nd5 Nxd5 8. exd5 Nb8 9. c4 Be7 10.
Be2 O-O 11. O-O Nd7 12. Be3 a6 13. Nc3 f5 14. f4 Bf6 15. Rc1 g5 16. fxg5 Bxg5 17. Bxg5 Qxg5 18. Rf3 Kh8 19. Rg3 Qf6 20.
b4 a5 21. a3 axb4 22. axb4 b6 23. Qd2 f4 24. Rf1 Qe7 25. Rgf3 Nf6 26. Qc2 Ng4 27. Nd1 Bf5 28. Qc3 Qg7 29.
g3 Ra2 30. Qe1 Be4 31. Rc3 Nxh2 32. Rf2 f3 33. Rxh2 fxe2 34. Ne3 Ra1 35. Qxa1 Qxg3+ 36. Rg2 e1=Q+ 37. Qxe1 Qxe1+ 38. Kh2 Qxc3 0-1

[Event "Polofinale MCR juniorek 2023"]
[Site "Czech Republic"]
[Date "2023.11.16"]
[Round "7.11"]
[White "Taborska, Aneta"]
[Black "Stavova, Marketa"]
[Result "0-1"]
[TimeControl "90 min per 40 moves + 15 min + 30 sec / move from move 1"]
[WhiteFideId "23733039"]
[BlackFideId "23714824"]
[WhiteElo "1165"]
[BlackElo "1433"]

1. e4 e5 2. Nf3 Nc6 3. Bb5 a6 4. Ba4 Nf6 5. O-O b5 6. Bb3 Be7 7. Re1 O-O 8. c3 d6 9. h3 Bb7 10. d4 exd4 11. cxd4 h6 12. Nc3 b4 13. Nd5 Nxd5 14. Bxd5 Na5 15. Qa4 c6 16. Bb3 Nxb3 17. Qxb3 a5 18. a3 c5 19. Bf4 Qb6 20. Rad1 Rad8 21. e5 Qc6 22. d5 Qc7 23. e6 fxe6 24. Bg3 Bxd5 25. Qe3 Rde8 26. axb4 axb4 27.
Nh4 Bg5 28. Qd3 Bxh4 29. Bxh4 Qf7 30. Re3 Ra8 31. Rf1 Ra2 32. Re2 e5 33. Qg3 Bc4 0-1

[Event "Polofinale MCR juniorek 2023"]
[Site "Czech Republic"]
[Date "2023.11.17"]
[Round "8.1"]
[White "Jakubse, Tamae Severina"]
[Black "Buchtova, Viktorie"]
[Result "1/2-1/2"]
[TimeControl "90 min per 40 moves + 15 min + 30 sec / move from move 1"]
[WhiteFideId "23745975"]
[BlackFideId "23714786"]
[WhiteElo "1679"]
[BlackElo "1801"]

1. e4 c5 2. c3 d5 3. exd5 Qxd5 4. d4 Nf6 5. Nf3 Bg4 6. Nbd2 cxd4 7. Bc4 Qc5 8. Qb3 dxc3 9. Bxf7+ Kd8 10.
bxc3 Nc6 11. O-O e6 12. h3 Bf5 13. Ng5 Qe7 14. Nxe6+ Bxe6 15. Bxe6 Na5 16. Qb5 Qxe6 17. Qxa5+ b6 18.
Qa4 Kc7 19. Nf3 Qe4 20. Qb3 Qd5 21. Bf4+ Kb7 22. c4 Qe4 23. Be3 Rc8 24. Rac1 1/2-1/2

[Event "Polofinale MCR juniorek 2023"]
[Site "Czech Republic"]
[Date "2023.11.17"]
[Round "8.2"]
[White "Markina, Sofiia"]
[Black "Sulcova, Tereza Radmila"]
[Result "1-0"]
[TimeControl "90 min per 40 moves + 15 min + 30 sec / move from move 1"]
[WhiteFideId "23744014"]
[BlackFideId "395196"]
[WhiteElo "1563"]
[BlackElo "1671"]

1. e4 e6 2. d4 d5 3. Nd2 Nc6 4. Ngf3 Nf6 5. e5 Nd7 6. c3 f6 7. Bb5 fxe5 8. dxe5 Be7 9. O-O O-O 10.
Re1 a6 11. Bd3 b6 12. Nf1 Rf7 13. Ng3 Nf8 14. Qc2 Bb7 15. Be3 Na5 16. b3 c5 17. Rad1 b5 18. c4 bxc4 19. bxc4 d4 20.
Bd2 Rb8 21. Ne4 h6 22. Rb1 Nc6 23. a3 Qc7 24. Qc1 Nxe5 25. Nxe5 Qxe5 26. Ng5 Qf6 27. Nxf7 Qxf7 28. Bf4 Bg5 29.
Bxg5 hxg5 30. Qxg5 Rc8 31. f3 Qc7 32. Re5 Ba8 33. Be4 Bxe4 34. Rxe4 Qd7 35. Qg4 Rc6 36. Rb8 d3 37. Qf4 Qe7 38.
Re1 Rd6 39. Rd1 Rd4 40. Qc1 Qd6 41. Rb2 Ng6 42. Rb3 Nf4 43. Kh1 Ne2 44. Qg5 Nf4 45. Rb7 Qf8 46. Qe5 d2 47. Rb8 1-0

[Event "Polofinale MCR juniorek 2023"]
[Site "Czech Republic"]
[Date "2023.11.17"]
[Round "8.3"]
[White "Brezikova, Beata"]
[Black "Stastna, Martina"]
[Result "1/2-1/2"]
[TimeControl "90 min per 40 moves + 15 min + 30 sec / move from move 1"]
[WhiteFideId "23727250"]
[BlackFideId "385123"]
[WhiteElo "1622"]
[BlackElo "1940"]

1. e4 e5 2. Nf3 Nc6 3. Bc4 Bc5 4.
O-O Nf6 5. d4 Bxd4 6. Nxd4 Nxd4 7. f4 d6 8. fxe5 dxe5 9. Bg5 Be6 10. Na3 Qe7 11. c3 Nc6 12. Bxf6 gxf6 13. Qf3 Bxc4 14.
Nxc4 O-O-O 15. Kh1 Qe6 16. Qf5 Rhf8 17. Rf2 Ne7 18. Qxe6+ fxe6 19. Raf1 Ng6 20. g3 Kd7 21. Rxf6 Rxf6 22.
Rxf6 Ke7 23. Rf2 b5 24. Ne3 c5 25. a3 a5 26. Kg2 Rd3 27. Re2 Nf8 28. Ng4 Nd7 29. Nf2 Rd6 30. Kf1 Nf6 31.
Ke1 c4 32. Rd2 Rb6 33. Ke2 Rb8 34. Kf3 Rg8 35. Nd1 Nd7 36. Nf2 1/2-1/2

[Event "Polofinale MCR juniorek 2023"]
[Site "Czech Republic"]
[Date "2023.11.17"]
[Round "8.4"]
[White "Nagyova, Daniela"]
[Black "Bartova, Hana"]
[Result "1/2-1/2"]
[TimeControl "90 min per 40 moves + 15 min + 30 sec / move from move 1"]
[WhiteFideId "390070"]
[BlackFideId "23732695"]
[WhiteElo "1872"]
[BlackElo "1270"]

1. e4 e5 2. Nf3 Nc6 3. Bc4 Nf6 4. d4 exd4 5. e5 d5 6. Bb5 Ne4 7. Nxd4 Bd7 8. Bxc6 bxc6 9. O-O Bc5 10.
f3 Ng5 11. f4 Ne4 12. Be3 Qb8 13. Nd2 Qxb2 14. Rb1 Bxd4 15. Rxb2 Bxe3+ 16. Kh1 Bxd2 17. c4 Bc3 18. Re2 Bg4 19.
cxd5 Rd8 20. d6 O-O 21. Qd3 Bxe2 22. Qxe2 Nxd6 1/2-1/2

[Event "Polofinale MCR juniorek 2023"]
[Site "Czech Republic"]
[Date "2023.11.17"]
[Round "8.5"]
[White "Havelkova, Beata"]
[Black "Petirova, Iva"]
[Result "0-1"]
[TimeControl "90 min per 40 moves + 15 min + 30 sec / move from move 1"]
[WhiteFideId "23709405"]
[BlackFideId "23741961"]
[WhiteElo "1736"]
[BlackElo "1636"]

1. e4 c5 2. c3 Nf6 3. e5 Nd5 4. Nf3 e6 5. d4 cxd4 6. cxd4 d6 7. Bc4 Be7 8. O-O O-O 9. Qe2 b6 10.
Rd1 Bb7 11. Bxd5 exd5 12. e6 Na6 13. Nc3 Nc7 14. exf7+ Rxf7 15. Be3 h6 16. Qd2 Qd7 17. Ne1 Raf8 18. Nd3 Qg4 19. h3 Qf5 20.
Ne2 Ne6 21. Rac1 Bg5 22. Bxg5 hxg5 23. f3 Nf4 24. Ng3 Qh7 25. Nf2 Bc8 26. Rc3 Qh4 27. Ngh1 Bd7 28. Kh2 Qh7 29. Ng4 Re7 30.
Ng3 Rfe8 31. Qc2 Qh4 32. Rd2 Re1 33. Rc7 R8e7 34. Rxa7 Nh5 35. Ra8+ Re8 36. Rxe8+ Rxe8 37. Nxh5 Qxh5 38.
Re2 Rc8 39. Qd2 Qg6 40. a3 Qf5 41. Kg1 Bb5 42. Re1 Rc2 43. Qb4 Qd3 44. Ne3 Rc1 45. Kh2 Rxe1 46. Qxe1 Qxd4 47. Ng4 Qf4+ 48.
Kh1 Kf7 49. Qc3 Qc4 50. Ne3 Qc5 51. Qxc5 bxc5 52. Nxd5 Bc6 53. Nb6 d5 54. Kg1 Ke6 55. a4 Ke5 56. Kf2 Kd4 57. Ke2 c4 58.
a5 Kc5 59. Ke3 d4+ 60. Kd2 Bb5 61. Nc8 Kb4 62. Nd6 Bc6 63. Nf5 d3 64. a6 Kb3 65. Kc1 c3 66. bxc3 Kxc3 67. a7 d2+ 68.
Kd1 Ba4+ 0-1

[Event "Polofinale MCR juniorek 2023"]
[Site "Czech Republic"]
[Date "2023.11.17"]
[Round "8.6"]
[White "Dudova, Pavlina"]
[Black "Hosova, Sandra"]
[Result "1/2-1/2"]
[TimeControl "90 min per 40 moves + 15 min + 30 sec / move from move 1"]
[WhiteFideId "394629"]
[BlackFideId "397717"]
[WhiteElo "1763"]
[BlackElo "1730"]

1. e4 c5 2. Nf3 e6 3. d4 cxd4 4. Nxd4 a6 5. Nc3 Qc7 6. g3 Nf6 7. Bg2 Nc6 8. O-O h5 9. Nxc6 dxc6 10.
Bg5 Bc5 11. Qe2 Ng4 12. Bf3 f6 13. Bxg4 hxg4 14. Be3 Bd6 15. Qxg4 g5 16. f4 Qh7 17. Qe2 gxf4 18. Bxf4 Bc5+ 19.
Kh1 e5 20. Bd2 Bg4 21. Qg2 Bh3 22. Qe2 Qg7 23. Rf3 Bg4 24. Raf1 O-O-O 25. Be3 Bxe3 26. Qxe3 Bxf3+ 27. Rxf3 Rh3 28.
Rf2 Qg4 29. Kg1 Rdh8 30. Rg2 Qh5 31. Qd2 Qg4 32. Qf2 Qg7 33. Nb1 1/2-1/2

[Event "Polofinale MCR juniorek 2023"]
[Site "Czech Republic"]
[Date "2023.11.17"]
[Round "8.7"]
[White "Sikorova, Jana"]
[Black "Vavrinkova, Marie"]
[Result "1-0"]
[TimeControl "90 min per 40 moves + 15 min + 30 sec / move from move 1"]
[WhiteFideId "392472"]
[BlackFideId "392154"]
[WhiteElo "1662"]
[BlackElo "1492"]

1. d4 Nf6 2. c4 g6 3. Nc3 Bg7 4. Nf3 O-O 5. Bg5 h6 6. Bh4 d6 7. e3 Nbd7 8. Be2 e5 9. Qc2 c6 10.
O-O Re8 11. Rfd1 Qe7 12. d5 g5 13. Bg3 Nc5 14. b4 Nce4 15. Nxe4 Nxe4 16. Qxe4 f5 17. Qc2 f4 18. e4 Bd7 19.
Qd2 Bf8 20. Qd3 Rac8 21. Rac1 Qf7 22. Nd2 Be7 23. Nf1 Rf8 24. h3 fxg3 25. Qxg3 cxd5 26. cxd5 Ba4 27. Bg4 Rxc1 28. Rxc1 Kg7 29.
Ne3 Kh8 30. Be6 Qh7 31. Rc7 Re8 32. Nf5 a6 33. Qg4 h5 34. Qf3 1-0

[Event "Polofinale MCR juniorek 2023"]
[Site "Czech Republic"]
[Date "2023.11.17"]
[Round "8.8"]
[White "Reznickova, Sibyla"]
[Black "Stavova, Helena"]
[Result "1-0"]
[TimeControl "90 min per 40 moves + 15 min + 30 sec / move from move 1"]
[WhiteFideId "398721"]
[BlackFideId "23714751"]
[WhiteElo "1413"]
[BlackElo "1425"]

1. d4 d5 2. Bf4 Nf6 3. e3 e6 4. Nf3 c5 5. c3 Nc6 6. Bd3 Bd6 7. Bg5 O-O 8. Nbd2 cxd4 9. exd4 Rb8 10.
O-O b5 11. a3 h6 12. Bh4 Be7 13. Re1 Qc7 14. Ne5 Na5 15. b4 Nc4 16. Ndxc4 dxc4 17. Bc2 Nd5 18. Bxe7 Nxe7 19. Re3 Nd5 20.
Rg3 Nf6 21. Qf3 Kh8 22. Rxg7 Kxg7 23. Qg3+ Ng4 24. Qxg4+ Kh8 25. Qf4 Kg7 26. Qg3+ 1-0